 Dungeon Sprint DCSS version 0.24-a0-250-g6074511092 (webtiles) character file.

Game seed: 9114937097246345978

5 Redear the Skirmisher (level 1, -6/18 HPs)
             Began as a Demonspawn Fighter on Apr 15, 2019.
             Killed from afar by Jessica (7 damage)
             ... with a wand of flame (10)
             ... in the Dungeon (Sprint III: "The Ten Rune Challenge").
             The game lasted 00:00:19 (57 turns).

Redear the Skirmisher (Demonspawn Fighter)            Turns: 57, Time: 00:00:19

Health: -6/18      AC:  6    Str: 16    XL:     1   Next: 66%
Magic:  1/1        EV:  7    Int:  9    God:
Gold:   22         SH:  8    Dex: 12    Spells: 0/0 levels left

rFire    . . .     SeeInvis .     - Unarmed
rCold    . . .     Gourm    .   b - +0 shield
rNeg     . . .     Faith    .   a - +0 scale mail
rPois    .         Spirit   .   (no helmet)
rElec    .         Reflect  .   (no cloak)
rCorr    .         Harm     .   (no gloves)
MR       .....     NoTele   +   (no boots)
Stlth    ..........             (no amulet)
HPRegen  0.06/turn              (no ring)
MPRegen  0.07/turn              (no ring)

@: no status effects
A: no striking features
a: no special abilities


You were in the Dungeon.
You were not hungry.

You visited 1 branch You collected 22 gold pieces.

Inventory:

Armour
 a - a +0 scale mail (worn)
 b - a +0 shield (worn)
Scrolls
 B - a scroll of blinking {@r4}
Potions
 c - a potion of might {Str+5 DMG+1d10 | @q3}
 f - a potion of heal wounds {@q1}
 h - 2 potions of magic
 i - a potion of berserk rage
 H - a potion of haste {@q5}
Comestibles
 z - a ration


   Skills:
 + Level 3.3 Fighting
 + Level 3.0 Armour
 + Level 1.1 Dodging
 + Level 3.0 Shields
 + Level 2.2 Unarmed Combat


You couldn't memorise any spells.
You didn't know any spells.
Your spell library was empty.

Dungeon Overview and Level Annotations

Branches:
Dungeon (1/1)

Altars:

Annotations:
D Jessica


Message History

Jessica closely misses you.
You hit Jessica.
Jessica is severely wounded.
Jessica points at you and mumbles some strange words.
Pain shoots through your body!
Ouch! That really hurt!
* * * LOW HITPOINT WARNING * * *
You take 11 damage, and have 1/18 hp.
MASSIVE DAMAGE!!
You closely miss Jessica.
Jessica is severely wounded.
Jessica closely misses you.
Unknown command.
You completely miss Jessica.
Jessica is severely wounded.
Jessica zaps a wand.
The puff of flame misses you.
Unknown command.
You barely miss Jessica.
Jessica is severely wounded.
Jessica zaps a wand.
The puff of flame hits you!
You die...

▓▓▓▓▓▓▓▓▓
▓<..#...####
▓...#......##
▓..##.......#
▓##.##.##...#
##.##.###..#
▓#.####.##@.#
▓.###..##.@##
▓#.....##..#
###..##...#
##..##....#
#..###..##.
#..# #.. #
▓▓▓▓ ▓▓▓


You could see Jessica.

Vanquished Creatures
  An ooze (D)
  2 rats (D)
3 creatures vanquished.

Notes
Turn   | Place    | Note
-------+----------+-------------------------------------------
     0 | D        | Redear the Demonspawn Fighter began the quest for the Orb.
     0 | D        | Reached XP level 1. HP: 18/18 MP: 1/1
    15 | D        | Reached skill level 3 in Armour
    15 | D        | Reached skill level 1 in Dodging
    15 | D        | Reached skill level 3 in Shields
    15 | D        | Reached skill level 2 in Unarmed Combat
    46 | D        | Noticed Jessica
    51 | D        | HP: 1/18 [Jessica (3)]
    57 | D        | Killed from afar by Jessica

Levels and vault maps discovered:
D:        dungeon_sprint_mu [sprint_mu_entry_cave, sprint_mu_temple_rooms,
          sprint_mu_d1_horrors, sprint_mu_d2_genie, sprint_mu_d3_branching,
          sprint_mu_orc_legion, sprint_mu_elf_gauntlet, sprint_mu_hive_nellie,
          sprint_mu_lair_fedhas, sprint_mu_vaults_butterflies,
          sprint_mu_slime_circle, sprint_mu_shoals_kraken,
          sprint_mu_snake_twists, sprint_mu_blade_basic,
          sprint_mu_crypt_fortress, sprint_mu_tomb_spiral,
          sprint_mu_vestibule_basic, sprint_mu_gehenna_hellfire,
          sprint_mu_dis_giant, sprint_mu_tartarus_statrot,
          sprint_mu_cocytus_islands, sprint_mu_zot1]

Skill      XL: |  1 |
---------------+----+-----
Armour         | 3 |  3.0
Dodging        | 1 |  1.1
Shields        | 3 |  3.0
Unarmed Combat | 2 |  2.2
Fighting       | |  3.3

Action                   || total
-------------------------++-------
Melee: Unarmed           ||    18
  Use: Potion            ||     1
Armor: Scale mail        ||     2
Dodge: Dodged            ||     5
Block: Shield            ||     3

Table legend:
 A = Non-vault XP
 B = Vault XP
 C = Vault XP percentage of total XP
 D = Non-vault monster count
 E = Vault monster count
 F = Vault count percentage of total count
                 A         B        C        D         E       F
            +---------+---------+-------+---------+---------+-------
      Total |       0 |       8 | 100.0 |       0 |       3 | 100.0
            +---------+---------+-------+---------+---------+-------
          D |       0 |       8 | 100.0 |       0 |       3 | 100.0
            +---------+---------+-------+---------+---------+-------
